 Dungeon Crawl Stone Soup version 0.30.1-11-g7821555f0a (webtiles) character file.

Game seed: 11691061546199586019

51820 lonewolfV2 the Eye of the Storm (level 15, -11/120 HPs)
             Began as a Formicid Fighter on Dec 8, 2023.
             Was a Priest of Qazlal.
             Killed by mirror damage (29 damage)
             ... on level 15 of the Dungeon.
             The game lasted 00:34:34 (20394 turns).

lonewolfV2 the Eye of the Storm (Formicid Fighter) Turns: 20394, Time: 00:34:36

Health: -11/120    AC: 24    Str: 32    XL:     15   Next: 3%
Magic:  23/27      EV:  8    Int:  8    God:    Qazlal [***...]
Gold:   689        SH: 12    Dex: 15    Spells: 14/14 levels left

rFire   . . .        F - +3 battleaxe (spect)
rCold   . . .        c - +0 buckler
rNeg    . . .        x - +3 plate armour
rPois   .            (helmet unavailable)
rElec   .            H - +0 cloak
rCorr   .            p - +0 pair of gloves
SInv    +            i - +1 pair of boots
Will    +....        E - amulet of the acrobat Stlth
                     G - +4 ring of slaying
HPRegen 0.40/turn    D - +6 ring of strength
MPRegen 0.20/turn

%: acrobat
@: lethally poisoned (-11 -> -13)
A: permanent stasis, dig shafts and tunnels, antennae 3, four strong arms
a: Dig, Shaft Self, Renounce Religion, Upheaval, Elemental Force


You were on level 15 of the Dungeon.
You worshipped Qazlal.
Qazlal was most pleased with you.
You visited 2 branches of the dungeon, and saw 16 of its levels.

You collected 894 gold pieces.
You spent 205 gold pieces at shops.

Inventory:

Hand Weapons
 a - a +1 war axe of protection
 F - a +3 spectral battleaxe (weapon)
Missiles
 B - a throwing net
Armour
 c - a +0 buckler (worn)
 i - a +1 pair of boots (worn)
 p - a +0 pair of gloves (worn)
 x - a +3 plate armour (worn)
 H - a +0 cloak (worn)
Jewellery
 e - a ring of resist corrosion
 k - a ring of flight
 m - an amulet of faith
 o - an amulet of magic regeneration
 w - an amulet of guardian spirit
 y - a ring of positive energy
 D - a +6 ring of strength (right hand)
 E - an amulet of the acrobat (around neck)
 G - a +4 ring of slaying (left hand)
Wands
 q - a wand of flame (5)
 s - a wand of iceblast (9)
 A - a wand of charming (9)
Scrolls
 h - 3 scrolls of poison
 j - a scroll of brand weapon
 n - 2 scrolls of butterflies
 r - 9 scrolls of blinking
 v - 8 scrolls of fog
 z - 7 scrolls of identify
 I - 2 scrolls of amnesia
 M - a scroll of silence
 O - a scroll of enchant armour
Potions
 d - a potion of attraction
 f - 2 potions of berserk rage
 g - a potion of curing
 l - 5 potions of brilliance
 t - a potion of magic
 u - 2 potions of mutation
 C - 2 potions of flight
 K - 3 potions of might
 L - a potion of invisibility {unknown}
Miscellaneous
 J - a condenser vane (inert)
 N - a phantom mirror


   Skills:
 - Level 12.0 Fighting
 - Level 12.0 Axes
 + Level 12.4 Armour
 + Level 11.9 Shields
 + Level 16.7 Invocations


You had 14 spell levels left.
You didn't know any spells.
Your spell library contained the following spells:

 Spells                   Type           Power      Damage    Failure   Level
 Magic Dart               Conj           0%         1d3       95%         1
 Call Imp                 Summ           0%         N/A       99%         2
 Poisonous Vapours        Pois/Air       0%         N/A       99%         2
 Call Canine Familiar     Summ           0%         N/A       100%        3
 Gell's Gravitas          Tloc           0%         N/A       100%        3
 Mephitic Cloud           Conj/Pois/Air  0%         N/A       100%        3
 Portal Projectile        Hex/Tloc       0%         N/A       100%        3
 Teleport Other           Tloc           0%         N/A       100%        3
 Tukima's Dance           Hex            0%         N/A       100%        3
 Leda's Liquefaction      Hex/Erth       0%         N/A       100%        4
 Passage of Golubria      Tloc           0%         N/A       100%        4
 Freezing Cloud           Conj/Ice/Air   0%         6-21      100%        5
 Lee's Rapid Deconstruct  Erth           0%         3d4*      100%        5
 Summon Forest            Summ/Tloc      0%         N/A       100%        5
 Summon Mana Viper        Hex/Summ       0%         N/A       100%        5
 Yara's Violent Unravell  Hex/Tmut       0%         3d3       100%        5
 Dispersal                Tloc           0%         N/A       100%        6
 Statue Form              Tmut/Erth      0%         N/A       100%        6
 Summon Cactus Giant      Summ           0%         N/A       100%        6
 Dragon's Call            Summ           0%         N/A       100%        9


Dungeon Overview and Level Annotations

Branches:
Dungeon (15/15)            Temple (1/1) D:4            Lair (0/5) D:8
    Orc (0/2) D:9          Vaults (0/5) D:13         Depths (0/4) D:15

Altars:
Cheibriados
Dithmenos
Elyvilon
Fedhas
Gozag
Hepliaklqana
Makhleb
Nemelex Xobeh
Okawaru
Qazlal
Sif Muna
Trog
Uskayaw
Vehumet
Wu Jian
Xom
Yredelemnul
The Shining One

Shops:
D:9 :   D:10 (!!:   D:11 *

Annotations:
D:15 Esagim's ghost, journeyman SpEn


Innate Abilities, Weirdness & Mutations

You cannot be hasted, slowed, berserked, paralysed or teleported.
You can dig through walls and to a lower floor.
You have a pair of large antennae on your head. (SInv)
Your four strong arms can wield two-handed weapons with a shield.


Message History

Esagim's ghost hits you but does no damage.
Unknown command.
You feel better.
Your +3 spectral battleaxe disappears.
* * * LOW HITPOINT WARNING * * *
You are poisoned.
You block Esagim's ghost's attack.
You feel better.
* * * LOW HITPOINT WARNING * * *
You are poisoned.
The catoblepas breathes a plume of calcifying dust at you.
The blast of calcifying dust hits you but does no damage.
Esagim's ghost hits you.
* * * LOW HITPOINT WARNING * * *
You feel better.
* * * LOW HITPOINT WARNING * * *
You are poisoned.
Esagim's ghost's toxic aura wanes.
The catoblepas breathes a plume of calcifying dust at you.
The blast of calcifying dust hits you but does no damage.
Esagim's ghost hits you but does no damage.
The death knight offers itself to Yredelemnul, and fills with unholy energy.
The ogre mage hits you but does no damage.
Aiming: Upheaval
Press: ? - help, Dir - move target, f - death knight
Aim: a death knight, wielding a +0 battleaxe and wearing a +0 chain mail (reflecting injuries) That beam is likely to hit you.
Continue anyway?
A blizzard blasts the area with ice!
The blast of ice hits Esagim's ghost!!
Esagim's ghost is almost destroyed.
Esagim's ghost is flash-frozen.
The blast of ice hits the ogre mage!!!
The ogre mage is severely wounded.
The ogre mage is flash-frozen.
The blast of ice hits the catoblepas!!
The catoblepas is moderately wounded.
The catoblepas is flash-frozen.
The blast of ice hits the death knight!!!
The death knight is heavily wounded.
The death knight is flash-frozen.
The death knight reflects your damage back at you!
You die...

................'...........'....
................#...........###.#
................#...........# #.#
................#...........# #.#
#############'###...........# #.#
#....# #.###...........# #.#
#....########..################.#
#..............Y#########.....#.#
####'#######..pW@....O..'.....'.'
..........##..O##########.{O..#.#
..........##..{#########{{{O^....
...††...?.##...§{§.{.{{{{{{{§....
..........##....########.{O...^.^
..........##....##.....#..Og.....
####'#######....##.....######'''#
..........##....##.....# ♣.^.^.^.
..........##...(.......##.^.#.#.#


You could see a death knight (reflects damage, frozen), a catoblepas (frozen),
an ogre mage (summoned, frozen), an ogre (summoned, wandering, petrifying) and
Esagim's ghost (frozen).

Vanquished Creatures
  Agnes (D:15)
  A stone giant (D:15)
  3 vault guards (D:13)
  2 hydras
  5 centaur warriors
  6 two-headed ogres
  An ogre mage (D:15)
  A death knight (D:14)
  A boulder beetle (D:11)
  3 tengu warriors
  2 deep elf pyromancers
  An orc knight (D:15)
  25 ugly things
  4 manticores
  4 cyclopes
  The ghost of UltimateWarrior the Chopper, a novice MiBe of Trog (D:5)
  2 gargoyles
  An orange demon (D:9)
  A kobold demonologist (D:7)
  2 efreet (D:14)
  2 tengu conjurers (D:13)
  Grinder (D:6)
  2 hornets
  8 trolls
  A blink frog (shapeshifter) (D:14)
  4 slime creatures (D:13)
  2 wyverns
  3 shadows
  15 yaks
  3 wraiths
  A centaur simulacrum (D:15)
  8 humans (D:13)
  6 vampire mosquitoes
  Edmund (D:5)
  2 acid dragons
  A water moccasin (D:6)
  8 orc warriors
  A sky beast (D:7)
  2 ice beasts (D:6)
  9 ogres
  A tengu (shapeshifter) (D:14)
  12 centaurs
  A phantom (D:5)
  6 kobold brigands
  5 gnoll sergeants
  Blork the orc (D:4)
  4 bullfrogs
  3 scorpions
  9 wights
  9 killer bees
  2 electric eels (D:10)
  4 howler monkeys
  8 hounds
  3 jellies
  4 orc priests
  Crazy Yiuf (D:4)
  A sleepcap (D:6)
  3 iguanas
  10 orc wizards
  5 adders
  6 gnolls
  A worm (D:2)
  2 dart slugs
  31 orcs
  6 ball pythons
  4 endoplasms
  6 giant cockroaches
  9 hobgoblins
  5 jackals
  9 quokkas
  6 bats
  A frilled lizard (D:1)
  8 goblins
  14 kobolds
  3 rats
350 creatures vanquished.

Vanquished Creatures (collateral kills)
  Rupert (D:14)
  2 hydras
  A death knight (D:15)
  Amaemon (D:9)
  6 ugly things
11 creatures vanquished.

Vanquished Creatures (others)
  A vault guard (D:13)
  A slime creature (D:15)
  8 spectral weapons
10 creatures vanquished.

Grand Total: 371 creatures vanquished

Notes
Turn   | Place    | Note
-------+----------+-------------------------------------------
     0 | D:1      | lonewolfV2 the Formicid Fighter began the quest for the
                  | Orb.
     0 | D:1      | Reached XP level 1. HP: 18/18 MP: 1/1
   131 | D:1      | Reached XP level 2. HP: 20/24 MP: 2/2
   455 | D:1      | Reached XP level 3. HP: 17/30 MP: 3/3
   935 | D:2      | Got the Cyclopedia of Combined Wanderlust
  1338 | D:3      | Reached XP level 4. HP: 37/37 MP: 4/4
  2383 | D:4      | Found a shadowy altar of Dithmenos.
  2432 | D:4      | Noticed Blork the orc
  2443 | D:4      | Killed Blork the orc
  2444 | D:4      | Reached XP level 5. HP: 30/43 MP: 5/5
  2583 | D:4      | Reached skill level 5 in Axes
  2583 | D:4      | Reached XP level 6. HP: 41/50 MP: 6/6
  2636 | D:4      | Found a staircase to the Ecumenical Temple.
  2660 | Temple   | Entered the Ecumenical Temple
  2708 | Temple   | Became a worshipper of Qazlal Stormbringer
  2834 | D:4      | Reached skill level 5 in Fighting
  3171 | D:4      | Found a runed translucent door.
  3172 | D:4      | Noticed Crazy Yiuf
  3291 | D:4      | Killed Crazy Yiuf
  3292 | D:4      | Reached XP level 7. HP: 38/56 MP: 7/7
  3499 | D:5      | Entered Level 5 of the Dungeon
  3593 | D:5      | Found a runed translucent door.
  3635 | D:5      | Reached * piety under Qazlal
  3885 | D:5      | Reached XP level 8. HP: 60/65 MP: 8/8
  3908 | D:5      | Noticed UltimateWarrior's ghost (novice MiBe)
  3947 | D:5      | Found a white marble altar of Elyvilon.
  3949 | D:5      | Found an iron altar of Okawaru.
  4366 | D:5      | Noticed Edmund
  4380 | D:5      | Killed Edmund
  5761 | D:5      | Killed UltimateWarrior's ghost
  5762 | D:5      | Reached XP level 9. HP: 61/75 MP: 7/9
  6141 | D:6      | Noticed Grinder
  6151 | D:6      | Killed Grinder
  6337 | D:6      | Reached skill level 5 in Shields
  6351 | D:6      | Reached skill level 5 in Armour
  6351 | D:6      | Reached XP level 10. HP: 43/83 MP: 8/10
  6906 | D:6      | Found a sparkling altar of Nemelex Xobeh.
  7611 | D:7      | Reached ** piety under Qazlal
  7824 | D:8      | Noticed a kobold demonologist
  7826 | D:8      | Noticed a sixfirhy
  7841 | D:7      | Killed a kobold demonologist
  8775 | D:8      | Found a staircase to the Lair.
  8843 | D:8      | Reached skill level 1 in Invocations
  9067 | D:9      | Found Vaucyd's Self-Improvement Boutique.
  9095 | D:9      | Noticed an orange demon
  9097 | D:9      | Noticed Amaemon
  9110 | D:9      | Killed Amaemon
  9111 | D:9      | Reached skill level 3 in Invocations
  9111 | D:9      | Reached XP level 11. HP: 66/89 MP: 9/13
  9123 | D:9      | Reached skill level 4 in Invocations
  9417 | D:9      | Reached skill level 5 in Invocations
  9715 | D:9      | Noticed a two-headed ogre
  9737 | D:9      | Killed a two-headed ogre
  9738 | D:9      | Reached skill level 6 in Invocations
 10080 | D:9      | Found a staircase to the Orcish Mines.
 10109 | D:9      | Reached skill level 7 in Invocations
 10144 | D:9      | Reached skill level 10 in Shields
 10193 | D:9      | Reached skill level 8 in Invocations
 10208 | D:9      | Reached *** piety under Qazlal
 11035 | D:10     | Entered Level 10 of the Dungeon
 11346 | D:10     | Reached skill level 9 in Invocations
 11616 | D:10     | Reached skill level 10 in Fighting
 11746 | D:10     | Found Uffome's Distillery.
 11748 | D:10     | Found Feestej's Antique Weapon Boutique.
 11751 | D:10     | Found Debehos's Book Boutique.
 11754 | D:10     | Bought a potion of heal wounds for 55 gold pieces
 11755 | D:10     | Found Fytiu's Distillery.
 11769 | D:10     | Bought 2 potions of heal wounds for 100 gold pieces
 11769 | D:10     | Bought a potion of heal wounds for 50 gold pieces
 12641 | D:11     | Noticed a boulder beetle
 12671 | D:11     | Reached XP level 12. HP: 44/97 MP: 4/19
 12686 | D:11     | Killed a boulder beetle
 12687 | D:11     | Reached skill level 10 in Invocations
 13203 | D:11     | Reached skill level 11 in Invocations
 13402 | D:11     | Found Moarhol's Assorted Antiques.
 13888 | D:11     | Found a stormy altar of Qazlal.
 14181 | D:12     | Noticed a two-headed ogre
 14188 | D:12     | Killed a two-headed ogre
 14189 | D:12     | Reached skill level 12 in Invocations
 15012 | D:13     | Killed a vault guard
 15219 | D:13     | Found a shadowy altar of Dithmenos.
 15295 | D:13     | Noticed a tengu warrior
 15315 | D:13     | Reached skill level 10 in Axes
 15315 | D:13     | Killed a tengu warrior
 15316 | D:13     | Reached skill level 13 in Invocations
 15430 | D:13     | Reached XP level 13. HP: 63/106 MP: 12/22
 15588 | D:13     | Noticed a centaur warrior
 15592 | D:13     | Reached **** piety under Qazlal
 15599 | D:13     | Killed a centaur warrior
 15661 | D:13     | Noticed a vault guard
 15663 | D:13     | Noticed a vault guard
 15667 | D:13     | Noticed a vault guard
 15671 | D:13     | Killed a vault guard
 15675 | D:13     | Killed a vault guard
 15676 | D:13     | Reached skill level 14 in Invocations
 15676 | D:13     | Killed a vault guard
 15894 | D:13     | Found a gate to the Vaults.
 16604 | D:14     | Noticed an eight-headed hydra
 16609 | D:14     | Reached skill level 10 in Armour
 16614 | D:14     | HP: 5/106 [11-headed hydra (1)]
 16615 | D:14     | Killed an 11-headed hydra
 16832 | D:14     | Noticed a centaur warrior
 16843 | D:14     | Killed a centaur warrior
 16844 | D:14     | Reached skill level 15 in Invocations
 16889 | D:14     | Reached XP level 14. HP: 75/113 MP: 14/25
 18347 | D:14     | Noticed Rupert
 18356 | D:14     | Killed Rupert
 18454 | D:15     | Entered Level 15 of the Dungeon
 18454 | D:15     | Found a runed translucent gate.
 18454 | D:15     | Found a runed translucent gate.
 18454 | D:15     | Found a runed translucent gate.
 18754 | D:15     | Reached skill level 16 in Invocations
 18766 | D:15     | Identified the +7 shortbow of Ragnarok {heavy, rN+++ Int-4}
 18774 | D:15     | Found a staircase to the Depths.
 18774 | D:15     | Noticed a stone giant
 18778 | D:15     | Killed a stone giant
 18876 | D:15     | Noticed Agnes
 18883 | D:15     | Killed Agnes
 19915 | D:15     | Noticed Esagim's ghost (journeyman SpEn)
 20368 | D:15     | Reached XP level 15. HP: 97/120 MP: 27/27
 20394 | D:15     | Killed by mirror damage

Illustrated notes

Levels and vault maps discovered:
D:1:      dpeg_arrival_snail, layout_basic
D:2:      layout_basic
D:3:      minmay_wonky_spiral, layout_basic
D:4:      layout_cave_pools, mainiacjoe_overflow_24_doors,
          minmay_temple_entry_proselytizer, uniq_blork_the_orc,
          uniq_crazy_yiuf_cottage
D:5:      layout_layer_cave, mainiacjoe_overflow_catwalk_spiral,
          hellmonk_ghost_happy_afterlife, uniq_edmund
D:6:      layout_cave_pools, lemuel_doored_altar, serial_rivers,
          chequers_serial_rivers_large_b, chequers_serial_rivers_small_a,
          chequers_serial_rivers_micro_b, chequers_serial_rivers_room_b,
          chequers_serial_rivers_small_3, chequers_serial_rivers_room_b,
          hangedman_decor_riveting, uniq_grinder
D:7:      layout_gridville
D:8:      hellmonk_crumbling_castle, layout_basic
D:9:      layout_irregular_city, kennysheep_orc_monster_closet_entryway,
          nicolae_shop_self_help, uniq_amaemon
D:10:     layout_stronghold, minmay_shop_grid_forest, water_boxes_lemuel
D:11:     layout_loops_ring, serial_shops, nicolae_inconvenience_store,
          nicolae_qazlal_style_of_elements
D:12:     layout_long_grid
D:13:     layout_stronghold, ximxim_vaults_locker_room,
          nicolae_dithmenos_the_darkroom
D:14:     layout_basic, amethyst_killhole, uniq_rupert
D:15:     grunt_enter_depths_snipers, layout_basic,
          gammafunk_ghost_tricky_traps, chequers_serial_rivers_micro_b,
          feat_on_display, uniq_agnes
Temple:   nicolae_temple_two_arcs

Skill      XL: |  1  2  3  4  5  6  7  8  9 10 11 12 13 14 |
---------------+-------------------------------------------+-----
Axes           | 3 4 5 6 8 9 10 11 12 | 12.0
Fighting       | 4 5 6 8 9 10 11 12 | 12.0
Armour         | 5 9 11 12 | 12.4
Shields        | 5 8 10 11 | 11.9
Invocations    | 3 9 13 15 16 | 16.7

Action                     |  1- 3 |  4- 6 |  7- 9 | 10-12 | 13-15 || total
---------------------------+-------+-------+-------+-------+-------++-------
  Melee: War axe           |    81 |   115 |   258 |   691 |       ||  1145
         Battleaxe         |       |       |       |     3 |   153 ||   156
 Invoke: Upheaval          |       |       |       |     3 |     1 ||     4
         Elemental Force   |       |       |       |       |     6 ||     6
  Evoke: Wand              |       |       |     2 |    11 |     6 ||    19
         Condenser vane    |       |       |       |       |     2 ||     2
    Use: Scroll            |     6 |     5 |     3 |    11 |     2 ||    27
         Potion            |       |     1 |     4 |    16 |    10 ||    31
   Stab: Distracted        |       |       |       |       |     5 ||     5
         Paralysed         |       |       |       |       |     1 ||     1
         Petrified         |       |       |       |       |     1 ||     1
 Armour: Scale mail        |    61 |    67 |    12 |       |       ||   140
         Chain mail        |       |       |    44 |       |       ||    44
         Plate armour      |       |       |   174 |   487 |   186 ||   847
  Dodge: Dodged            |    69 |    60 |   110 |   207 |    90 ||   536
  Block: Buckler           |    31 |    34 |    83 |   442 |   190 ||   780
